Cogmind - Beta 16 @@@ ROGUE MODE // 2025.11.04 @ 21:17:31 Player: Plexion Result: Destroyed by H-66 Slayer with Gauss Rifle Performance ------------- Evolutions (3) 1500 Regions Visited (12) 2400 Robots Destroyed (124) 620 Value Destroyed (3445) 3445 Prototype IDs (20) 400 Alien Tech Used (0) 0 Bonus (603) 603 TOTAL SCORE: 8968 Bonus ------- High Alert Combat Kills 119 Follower Combat Kills 209 Met Data Miner 300 Friendly Fire -25 Cogmind --------- Core Integrity 0/700 Matter 300/300 Energy 218/600 System Corruption 9% Temperature Cool (0) Movement Walking (120) Location -6/Proximity Caves Parts ------- > --- POWER (1) -------- (None) > --- PROPULSION (4) --- Enhanced Flexi-carbon Leg Enhanced Flexi-carbon Leg > --- UTILITY (6) ------ Improved Heat Sink Medium Storage Unit Advanced Energy Well Machine Analyzer Core Analyzer Makeshift Hacking Suite > --- WEAPON (2) ------- Neutron Cannon > --- INVENTORY (10) --- Enhanced Flexi-carbon Leg Enhanced Flexi-carbon Leg Improved Heat Sink Seismic Detector Improved Melee Analysis Suite Hacking Suite Authchip [Propulsion] Peak State ------------ > --- POWER ------------ Antimatter Reactor > --- PROPULSION ------- Medium Armored Exoskeleton Enhanced Flexi-carbon Leg > --- UTILITY ---------- Medium Storage Unit Advanced Energy Well Machine Analyzer Core Analyzer Experimental Thermal Shield Makeshift Hacking Suite > --- WEAPON ----------- Improved EM Pulse Cannon Neutron Cannon > --- INVENTORY -------- Enhanced Flexi-carbon Leg Enhanced Flexi-carbon Leg Enhanced Flexi-carbon Leg Enhanced Flexi-carbon Leg Seismic Detector Layered Medium Armor Plating Layered Medium Armor Plating Hacking Suite Authchip [Propulsion] Neutron Cannon [Rating: 77] Favorites ----------- Power Ion Engine Engine Ion Engine Power Core Micro Nuclear Core Reactor Antimatter Reactor Propulsion Light Treads Treads Light Treads Leg Enhanced Flexi-carbon Leg Wheel Compact Wheel Flight Unit Cesium-ion Thruster Utility Seismic Detector Device Seismic Detector Storage Large Storage Unit Processor Machine Analyzer Hackware Makeshift Hacking Suite Protection Light Armor Plating Weapon Light Cannon Energy Gun Medium Laser Energy Cannon Heavy Particle Cannon Ballistic Gun Autogun Ballistic Cannon Light Cannon Launcher Grenade Launcher Slashing Weapon Axe Piercing Weapon Makeshift Spear Build | -11 -10 -10 -9 -9 -8 -7 -7 -7 -7 -7 -7 -6 ------- Run | Yrd Mat Min Mat Min Mat Fac Was Fac Low Low Dat Pro Slots Evolved 6 | . . . 2 . 2 2 . . . . . . Power . | . . . . . . . . . . . . . Propulsion 2 | . . . 1 . 1 . . . . . . . Utility 4 | . . . 1 . 1 2 . . . . . . Weapon . | . . . . . . . . . . . . . Parts Attached 101 | 5 7 1 22 4 21 12 . 6 1 . 13 9 Power 10 | 1 1 . 2 . . 1 . 1 . . 2 2 Engine 6 | 1 1 . 2 . . 1 . . . . . 1 Core 2 | . . . . . . . . 1 . . . 1 Reactor 2 | . . . . . . . . . . . 2 . Propulsion 30 | 2 . . 7 . 11 4 . 2 . . 2 2 Treads 18 | 2 . . 7 . 9 . . . . . . . Leg 4 | . . . . . . . . . . . 2 2 Wheel 2 | . . . . . 2 . . . . . . . Hover . | . . . . . . . . . . . . . Flight 6 | . . . . . . 4 . 2 . . . . Utility 33 | 1 2 1 6 1 6 6 . 1 1 . 6 2 Device 7 | . 1 1 1 . 1 . . 1 . . 1 1 Storage 5 | 1 1 . . . 1 1 . . . . 1 . Processor 4 | . . . 1 . . 2 . . . . 1 . Hackware 3 | . . . . . . 2 . . 1 . . . Protection 14 | . . . 4 1 4 1 . . . . 3 1 Artifact . | . . . . . . . . . . . . . Weapon 28 | 1 4 . 7 3 4 1 . 2 . . 3 3 Energy Gun 3 | 1 1 . 1 . . . . . . . . . Energy Cannon 12 | . . . 3 1 3 . . 1 . . 3 1 Ballistic Gun 3 | . 1 . . . . . . . . . . 2 Ballistic Cannon 3 | . 2 . 1 . . . . . . . . . Launcher 4 | . . . 1 2 1 . . . . . . . Special Weapon . | . . . . . . . . . . . . . Impact Weapon . | . . . . . . . . . . . . . Slashing Weapon 1 | . . . . . . 1 . . . . . . Piercing Weapon 2 | . . . 1 . . . . 1 . . . . Special Melee Weapon . | . . . . . . . . . . . . . Unidentified Prototypes 7 | . . . 3 . . . . . . . 4 . Corrupted Parts 3 | . . . . . . . . . . . . 3 System Corruption 9 | . . . . . . . . . . . . 9 Parts Lost 23 | . 1 . 1 . 4 . . . . . 6 11 Power 4 | . . . . . . . . . . . 1 3 Propulsion 6 | . . . . . 1 . . . . . 3 2 Utility 5 | . . . 1 . 2 . . . . . . 2 Weapon 8 | . 1 . . . 1 . . . . . 2 4 Highest Loss Streak 6 | . 1 . 1 . 2 . . . . . 6 4 To Critical Strikes 2 | . 1 . . . 1 . . . . . . . Average Backups 13 | 2 5 10 14 15 22 13 5 7 8 8 8 9 Power . | . . . . 1 1 . . . . . . . Propulsion 4 | . 2 4 4 3 6 4 2 1 1 1 2 3 Utility 4 | . . 2 5 5 6 3 1 3 5 5 4 4 Weapon 4 | 1 1 4 4 6 8 5 2 1 2 2 1 1 Tool/Special . | . . . . . . . . . . . . . Unused Backups 23 | . . . 9 . 1 4 . 2 . . 1 6 Power . | . . . . . . . . . . . . . Propulsion 8 | . . . 4 . 1 1 . . . . . 2 Utility 7 | . . . 1 . . . . 1 . . 1 4 Weapon 8 | . . . 4 . . 3 . 1 . . . . Tool/Special . | . . . . . . . . . . . . . Average Slot Usage (%) 95 | . 97 100 99 100 99 87 100 100 100 100 82 78 Engine 8 | . 14 14 10 11 9 7 7 1 . . . 2 Treads 21 | . 28 28 33 33 27 7 . . . . . . Leg 2 | . . . . . . . . . . . 9 14 Wheel 1 | . . . . . 7 2 . . . . . . Flight 3 | . . . . . . 18 30 30 30 30 8 . Device 11 | . 13 14 11 13 16 10 7 7 7 7 5 2 Storage 10 | . 14 14 11 11 9 4 7 7 7 7 7 11 Processor 4 | . . . . . . 4 15 15 15 15 15 15 Hackware 2 | . . . . . . 6 15 15 15 15 9 7 Protection 6 | . . . 9 8 10 7 . . . . 6 5 Energy Gun 1 | . 17 . . . . . . . . . . . Energy Cannon 7 | . . . 3 16 17 8 . . . . 6 6 Ballistic Gun 1 | . 4 . . . . . . . . . . 6 Ballistic Cannon 7 | . 4 28 17 . . . . . . . . . Piercing Weapon 1 | . . . . . . 3 7 12 15 15 4 . Peak Build Rating 77 | 5 7 8 20 20 29 37 39 44 43 43 77 74 Average Rating 26 | 4 6 7 12 18 26 31 38 41 42 43 59 61 On Entrance 28 | . 5 7 8 19 20 28 37 39 42 43 43 74 Avg Prop Armor Cover (%) 18 | . . . . . 18 19 . . . . 17 . Naked Turns . | . . . . . . . . . . . . . Heaviest Build 112 | 12 33 33 44 49 112 109 24 24 21 21 52 58 Greatest Support 80 | 40 40 40 60 60 80 24 24 24 24 24 78 78 Greatest Overweight (x) 9 | . . . . . 9 9 . . . . 1 . Average Overweight (x) . | . . . . . 5 . . . . . . . Largest Inventory Capacity 25 | 8 15 15 15 15 25 25 10 10 10 10 10 10 Average Capacity 14 | 7 12 15 14 15 23 15 10 10 10 10 10 10 Most Carried 25 | 5 9 13 15 15 25 25 8 10 10 10 10 10 Average Carried 13 | 2 5 10 14 15 22 13 7 9 10 10 8 9 Final Capacity 25 | 8 15 15 15 15 25 25 10 10 10 10 10 10 Final Carried 25 | 5 9 13 15 15 25 25 8 10 10 10 10 7 Class Distribution -------------------- 52% | Scavenger-Mutant 34% | Mutant 11% | Hacker-Sprinter Dominant Class ---------------- Mutant | -10/Materials Mutant | -10/Mines Scavenger-Mutant | -9/Materials Mutant | -9/Mines Scavenger-Mutant | -8/Materials Scavenger-Mutant | -7/Factory Hacker-Sprinter | -7/Waste Hacker-Sprinter | -7/Factory Hacker-Sprinter | -7/Lower Caves Hacker-Sprinter | -7/Lower Caves Scavenger-Mutant | -7/Data Miner Scavenger-Mutant | -6/Proximity Caves Resources | -11 -10 -10 -9 -9 -8 -7 -7 -7 -7 -7 -7 -6 ----------- Run | Yrd Mat Min Mat Min Mat Fac Was Fac Low Low Dat Pro Matter Collected 3443 | 250 121 108 917 432 520 . . 183 116 78 120 598 Remotely . | . . . . . . . . . . . . . Salvage Created 4268 | . 239 12 1061 401 1120 60 . 183 30 70 399 693 Parts 243 | . 18 3 72 17 73 1 . 6 1 . 21 31 Haulers Intercepted 13 | . 1 . 5 . 3 . . 4 . . . . Recyclers Shooed 8 | . 2 . 4 2 . . . . . . . . Parts Field Recycled . | . . . . . . . . . . . . . Retrieved Matter . | . . . . . . . . . . . . . Parts Self-Destructed 21 | . . . . . . . . . . 3 . 18 Prevented 15 | . . . . . . . . . . 2 . 13 Parts Restored . | . . . . . . . . . . . . . Kills | -11 -10 -10 -9 -9 -8 -7 -7 -7 -7 -7 -7 -6 ------- Run | Yrd Mat Min Mat Min Mat Fac Was Fac Low Low Dat Pro Combat Hostiles Destroyed 107 | . 8 . 23 26 27 3 . . . . 4 16 Melee 4 | . . . . . 2 . . . . . 2 . Guns 14 | . 8 . . . . . . . . . . 6 Cannons 35 | . . . 15 2 11 . . . . . . 7 AOE 50 | . . . 8 24 12 3 . . . . . 3 Classes Destroyed 15 | . 3 1 6 3 . . . . 1 . . 1 Worker 2 | . . . 2 . . . . . . . . . Builder 4 | . . . . 1 3 . . . . . . . Tunneler 3 | . . 2 . . 1 . . . . . . . Hauler 13 | . 1 . 5 . 3 . . 4 . . . . Recycler 8 | . . . 4 3 1 . . . . . . . Mechanic 1 | . . . 1 . . . . . . . . . Operator 2 | . . . 1 . 1 . . . . . . . Watcher 1 | . . . 1 . . . . . . . . . Swarmer 37 | . 6 . 7 5 9 3 . . . . . 7 Grunt 31 | . 2 . 13 2 13 . . . . . . 1 Duelist 4 | . . . . . . . . . . . . 4 Sentry 13 | . . . 4 . 5 . . . . . . 4 Demolisher 1 | . . . . 1 . . . . . . . . Enhanced Grunt 4 | . . . . . . . . . . . 4 . Tinkerer 1 | . . . . . . . . . 1 . . . Assembled 18 | . . . . 18 . . . . . . . . Best Kill Streak 18 | . 4 1 6 18 6 3 . 1 . . 1 4 Combat Bots Only 17 | . 4 . 5 17 6 3 . . . . 1 4 Max Kills in Single Turn 5 | . 1 1 3 5 3 3 . 1 1 . 1 2 Gunslinging . | . . . . . . . . . . . . . Exploded 5 | . . . 3 5 3 3 . . . . . 2 Melee 1 | . . . . . 1 . . . . . 1 . Uniques/NPCs Destroyed . | . . . . . . . . . . . . . Combat | -11 -10 -10 -9 -9 -8 -7 -7 -7 -7 -7 -7 -6 -------- Run | Yrd Mat Min Mat Min Mat Fac Was Fac Low Low Dat Pro Hostile Shots Fired 791 | . 43 . 82 13 129 13 . 15 . 1 47 448 Missed 243 | . 6 . 34 2 37 4 . 8 . . 10 142 Hits 548 | . 37 . 48 11 92 9 . 7 . 1 37 306 Melee 4 | . . . . 1 . . . . . . . 3 Projectile 544 | . 37 . 48 10 92 9 . 7 . 1 37 303 AOE 5 | . . . . 5 . . . . . . . . Critical Strikes 8 | . 2 . 2 . 4 . . . . . . . Part Disruptions 1 | . . . . . . . . . . . 1 . Damage Taken 7112 | . 420 . 588 372 1272 135 . 54 . 14 1428 2829 Core 1007 | . 149 . 52 22 71 13 . 16 . . 364 320 Absorbed by Shields . | . . . . . . . . . . . . . Redirected to Shielding 1 | . . . 1 . . . . . . . . . Ignored by Resistances 268 | . . . . . . . . . . . 268 . Regen/Repaired (Parts) 520 | . . . 13 . . . . 507 . . . . Core Remaining (%) 77 | 100 . 40 . 81 87 . . . . . . . Volleys Fired 324 | . 27 11 75 26 59 3 . 13 . 2 13 95 Largest 2 | . 2 2 2 2 2 2 . 1 . 1 1 2 Hottest 160 | . 90 60 150 150 160 160 . 65 . 65 69 113 Shots Fired 526 | . 51 22 140 34 107 5 . 13 . 2 13 139 Gun 140 | . 50 . . . . . . . . . . 90 Cannon 347 | . 1 22 131 16 96 4 . 13 . 2 13 49 Launcher 39 | . . . 9 18 11 1 . . . . . . Special . | . . . . . . . . . . . . . Kinetic 246 | . 15 22 119 . . . . . . . . 90 Thermal 205 | . 36 . 12 16 96 4 . 13 . 2 . 26 Explosive 39 | . . . 9 18 11 1 . . . . . . Electromagnetic 36 | . . . . . . . . . . . 13 23 Robot Hit Streak 17 | . 13 6 17 7 11 3 . . . . 11 9 Robot Miss Streak 7 | . 4 3 3 2 7 2 . . . . 1 6 Penetration Max . | . . . . . . . . . . . . . Secondary Targets 2 | . 1 . . . . . . . . . . 1 Max Gunslinging Chain 1 | . 1 . . . . . . . . . . 1 Shots Hit Robots 350 | . 34 13 92 15 65 3 . 8 3 3 31 83 Core Hits 203 | . 14 2 46 41 44 3 . 4 . 1 15 33 Critical Kills . | . . . . . . . . . . . . . Critical Parts Destroyed 1 | . . . . . . . . . . . . 1 Critical Strikes 6 | . 1 . 1 . . . . . . . 3 1 Burn 1 | . 1 . . . . . . . . . . . Destroy 1 | . . . . . . . . . . . . 1 Blast 1 | . . . 1 . . . . . . . . . Impale 3 | . . . . . . . . . . . 3 . Melee Attacks 137 | . . . 2 . 11 2 . 42 5 23 52 . Impact . | . . . . . . . . . . . . . Slashing 2 | . . . . . . . . 2 . . . . Piercing 135 | . . . 2 . 11 2 . 40 5 23 52 . Sneak Attacks 9 | . . . 1 . . . . 4 3 . 1 . Combat Hostiles . | . . . . . . . . . . . . . Follow-up Attacks 2 | . . . . . . . . . . . 2 . Damage Inflicted 11624 | . 417 211 2431 1548 3158 222 . 437 185 181 781 2053 Guns 1168 | . 417 . . . . . . . . . . 751 Cannons 5185 | . . 211 1688 300 1542 51 . . . . 215 1178 Explosions 3680 | . . . 672 1232 1481 171 . . . . . 124 Melee 1550 | . . . 46 . 135 . . 437 185 181 566 . Ramming 41 | . . . 25 16 . . . . . . . . Kinetic 2575 | . 125 211 1488 . . . . . . . . 751 Thermal 3372 | . 292 . 200 300 1695 51 . . . . . 834 Explosive 3403 | . . . 672 1232 1328 171 . . . . . . Electromagnetic 683 | . . . . . . . . . . . 215 468 Impact . | . . . . . . . . . . . . . Slashing . | . . . . . . . . . . . . . Piercing 1550 | . . . 46 . 135 . . 437 185 181 566 . Highest Corruption 9 | . . . . . . . 5 5 . . . 9 Average Corruption 5 | . . . . . . . 5 4 . . . 6 Corruption Purged 5 | . . . . . . . . 5 . . . . Corruption Blocked . | . . . . . . . . . . . . . Effects 27 | . . . . . . . . 6 . . . 21 Message Errors 4 | . . . . . . . . 3 . . . 1 Matter Fused 6 | . . . . . . . . 1 . . . 5 Heat Flow Errors 2 | . . . . . . . . . . . . 2 Energy Discharges 5 | . . . . . . . . 1 . . . 4 Parts Rejected 2 | . . . . . . . . . . . . 2 Data Loss (minor) 3 | . . . . . . . . 1 . . . 2 Data Loss (major) 2 | . . . . . . . . . . . . 2 Misfires 2 | . . . . . . . . . . . . 2 Weapon Failures 1 | . . . . . . . . . . . . 1 Overload Shots . | . . . . . . . . . . . . . Overflow Damage 420 | . . . 52 65 110 37 . . 65 15 17 59 Projectiles 80 | . . . 19 . 11 2 . . . . . 48 Explosions 227 | . . . 17 65 99 35 . . . . . 11 Melee 113 | . . . 16 . . . . . 65 15 17 . Knockbacks 12 | . . 5 7 . . . . . . . . . Impact . | . . . . . . . . . . . . . Kinetic 12 | . . 5 7 . . . . . . . . . Secondary . | . . . . . . . . . . . . . Self-Inflicted Damage 359 | . . . 41 90 167 . . . . . . 61 Shots 10 | . . . 2 5 2 . . . . . . 1 Rammed 8 | . . . 6 2 . . . . . . . . Targets Rammed 9 | . . . 7 2 . . . . . . . . Kicked . | . . . . . . . . . . . . . Crushed 1 | . . . 1 . . . . . . . . . Highest Temperature 384 | . 135 . 138 96 174 . . 144 . 36 224 384 Average Temperature 72 | . 53 . 36 35 26 . . 58 . 20 98 115 Received Heat Transfer 1511 | . 204 . 234 32 432 . . 18 . . . 591 Effects 3 | . . . . . . . . . . . . 3 Interference 2 | . . . . . . . . . . . . 2 Matter Decay 1 | . . . . . . . . . . . . 1 Siege Activations . | . . . . . . . . . . . . . Martial Activations . | . . . . . . . . . . . . . Shielding Activations . | . . . . . . . . . . . . . Robots Disrupted . | . . . . . . . . . . . . . Combat Hostiles . | . . . . . . . . . . . . . Robots Corrupted 2 | . . . . . . . . . . . 2 . Combat Hostiles 2 | . . . . . . . . . . . 2 . Parts Fried 7 | . . . . . . . . . . . 6 1 Impact Corruptions . | . . . . . . . . . . . . . Robots Melted 2 | . . . . . 2 . . . . . . . Combat Hostiles 2 | . . . . . 2 . . . . . . . Parts Melted 9 | . . . 1 . 7 1 . . . . . . Heat Transferred 4682 | . 878 . 296 444 2864 100 . . . . . 100 Parts Sabotaged . | . . . . . . . . . . . . . Parts Stolen . | . . . . . . . . . . . . . Parts Stripped . | . . . . . . . . . . . . . Power Chain Reactions 2 | . . . . . . . . . . . . 2 Alert | -11 -10 -10 -9 -9 -8 -7 -7 -7 -7 -7 -7 -6 ------- Run | Yrd Mat Min Mat Min Mat Fac Was Fac Low Low Dat Pro Maximum Alert Level 3 | . . . 1 . 3 1 . . . . . . Low Security (%) 79 | 100 100 100 73 100 45 . 100 100 . . . . Level 1 12 | . . . 26 . 16 100 . . . . . . Level 2 7 | . . . . . 33 . . . . . . . Level 3 1 | . . . . . 5 . . . . . . . Level 4 . | . . . . . . . . . . . . . Level 5 . | . . . . . . . . . . . . . High Security . | . . . . . . . . . . . . . Max Security . | . . . . . . . . . . . . . Peak Influence 713 | . 101 5 359 155 713 385 134 140 . . . . Initial 308 | . . 4 . 133 17 308 134 86 . . . . Average 147 | . 33 . 169 79 332 363 131 78 . . . . Influence Increases 3639 | . 211 10 974 339 1170 107 . 271 . 80 . 477 Destroy 0b10 Robot/C 1860 | . 160 . 580 160 540 60 . . . . . 360 Destroy 0b10 Robot/NC 190 | . 5 10 85 20 45 . . 20 . 5 . . Destroy Leader 362 | . 32 . 156 20 116 10 . 8 . . . 20 Allied During Kill 44 | . . . 37 . . . . . . . . 7 Successful Hack 146 | . 13 . 6 . 14 18 . 95 . . . . Disable Machine 285 | . . . 15 45 180 15 . 30 . . . . Destroy Structure 332 | . 1 . 65 94 140 4 . 28 . . . . Partial Spotted 75 | . . . . . 15 . . 60 . . . . Lose Combat Pursuer 345 | . . . 30 . 120 . . 30 . 75 . 90 Influence Decreases 3617 | . 200 21 630 638 538 399 261 347 48 50 30 455 Entered New Map 953 | . . 7 . 211 28 369 251 38 19 . 30 . Time Decay 2385 | . 190 14 600 427 470 30 10 262 29 50 . 303 Lost Part 130 | . 10 . 10 . 40 . . . . . . 70 Lost Ally 102 | . . . 20 . . . . . . . . 82 Purge Threat 47 | . . . . . . . . 47 . . . . Squads Dispatched 10 | . 1 . 3 . 2 . . 4 . . . . Investigation 4 | . . . 1 . . . . 3 . . . . Extermination 1 | . . . . . . . . 1 . . . . Reinforcement 5 | . 1 . 2 . 2 . . . . . . . Assault . | . . . . . . . . . . . . . Garrison . | . . . . . . . . . . . . . Intercept . | . . . . . . . . . . . . . Searches Triggered . | . . . . . . . . . . . . . Construction Impeded 2 | . . . . . 2 . . . . . . . Haulers Reinforced . | . . . . . . . . . . . . . Active Scanning Responses . | . . . . . . . . . . . . . Cargo Convoy Interrupts . | . . . . . . . . . . . . . Stealth | -11 -10 -10 -9 -9 -8 -7 -7 -7 -7 -7 -7 -6 --------- Run | Yrd Mat Min Mat Min Mat Fac Was Fac Low Low Dat Pro Distress Signals 6 | . . . 2 1 2 . . . . . . 1 Communications Jammed . | . . . . . . . . . . . . . Distress Signals . | . . . . . . . . . . . . . Times Spotted 164 | . 15 . 44 20 36 3 3 6 . 2 4 31 Peak Tracking Total 8 | . 3 . 7 8 7 3 3 3 . 4 3 8 Tactical Retreats 19 | . 1 . 2 . 7 . . 2 . 1 . 6 ECM-based Alert Blocks 1 | . 1 . . . . . . . . . . . Traps | -11 -10 -10 -9 -9 -8 -7 -7 -7 -7 -7 -7 -6 ------- Run | Yrd Mat Min Mat Min Mat Fac Was Fac Low Low Dat Pro Traps Triggered 3 | . 1 . . . . 1 . 1 . . . . Indirectly . | . . . . . . . . . . . . . Trap Hack Attempts . | . . . . . . . . . . . . . Triggered . | . . . . . . . . . . . . . Disarmed . | . . . . . . . . . . . . . Reprogrammed . | . . . . . . . . . . . . . Reused . | . . . . . . . . . . . . . Traps Extracted . | . . . . . . . . . . . . . Installed . | . . . . . . . . . . . . . Triggered . | . . . . . . . . . . . . . Machines | -11 -10 -10 -9 -9 -8 -7 -7 -7 -7 -7 -7 -6 ---------- Run | Yrd Mat Min Mat Min Mat Fac Was Fac Low Low Dat Pro Machines Disabled 20 | . . . 1 3 12 1 . 2 . . 1 . Max in Single Turn 6 | . . . 1 2 6 1 . 1 . . 1 . Machines Repaired . | . . . . . . . . . . . . . Machines Dismantled . | . . . . . . . . . . . . . Machines Sabotaged . | . . . . . . . . . . . . . Overloaded Fab Kills . | . . . . . . . . . . . . . Hacking | -11 -10 -10 -9 -9 -8 -7 -7 -7 -7 -7 -7 -6 --------- Run | Yrd Mat Min Mat Min Mat Fac Was Fac Low Low Dat Pro Machines Accessed 34 | . 1 . 8 . 3 2 . 16 . . 3 1 Terminals 21 | . 1 . 6 . 3 1 . 9 . . . 1 Fabricators 1 | . . . . . . . . 1 . . . . Repair Stations 3 | . . . 1 . . . . 2 . . . . Recycling Units 1 | . . . . . . . . 1 . . . . Scanalyzers 5 | . . . 1 . . 1 . 3 . . . . Garrison Access . | . . . . . . . . . . . . . Total Hacks 112 | . 3 . 22 . 5 7 . 45 . . 29 1 Successful 76 | . 3 . 11 . 1 4 . 27 . . 29 1 Failed 34 | . . . 10 . 4 3 . 17 . . . . Catastrophic 4 | . . . 2 . 1 1 . . . . . . Database Lockouts 2 | . . . 1 . . . . 1 . . . . Manual 45 | . 3 . 15 . 5 5 . 17 . . . . Terminals 57 | . 3 . 15 . 5 5 . 28 . . . 1 Fabricators 3 | . . . . . . . . 3 . . . . Repair Stations 6 | . . . 2 . . . . 4 . . . . Recycling Units 2 | . . . . . . . . 2 . . . . Scanalyzers 15 | . . . 5 . . 2 . 8 . . . . Garrison Access . | . . . . . . . . . . . . . Terminal Hacks 44 | . 2 . . . . 1 . 11 . . 29 1 Record 6 | . . . . . . . . . . . 6 . Part Schematic 13 | . . . . . . . . . . . 13 . Robot Schematic 8 | . . . . . . . . 1 . . 7 . Robot Analysis 2 | . . . . . . . . 2 . . . . Prototype ID Bank 4 | . . . . . . . . 1 . . 3 . Open Door 1 | . . . . . . . . . . . . 1 Branch Access Points 1 | . . . . . . . . 1 . . . . Terminal Index 2 | . . . . . . 1 . 1 . . . . Unreport Threat 1 | . . . . . . . . 1 . . . . Locate Traps 1 | . . . . . . . . 1 . . . . Patrol Status 1 | . 1 . . . . . . . . . . . Transport Status 1 | . 1 . . . . . . . . . . . Recall Extermination 1 | . . . . . . . . 1 . . . . Hauler Manifests 1 | . . . . . . . . 1 . . . . Registered Components 1 | . . . . . . . . 1 . . . . Fabricator Hacks 2 | . . . . . . . . 2 . . . . Network Status 1 | . . . . . . . . 1 . . . . Load Schematic 1 | . . . . . . . . 1 . . . . Repair Station Hacks 4 | . . . 2 . . . . 2 . . . . Scan Component 2 | . . . 1 . . . . 1 . . . . Repair 2 | . . . 1 . . . . 1 . . . . Recycling Unit Hacks . | . . . . . . . . . . . . . Scanalyzer 11 | . . . 4 . . 1 . 6 . . . . Insert Component 2 | . . . 1 . . . . 1 . . . . Analyze 1 | . . . . . . . . 1 . . . . Retrieve Study 8 | . . . 3 . . 1 . 4 . . . . Garrison Access Hacks . | . . . . . . . . . . . . . Unauthorized Hacks 15 | . 1 . 5 . 1 2 . 6 . . . . Terminals 14 | . 1 . 5 . 1 2 . 5 . . . . Track 1 | . . . . . . . . 1 . . . . Botnet 4 | . . . 1 . 1 . . 2 . . . . Operators 2 | . 1 . . . . 1 . . . . . . Skim 7 | . . . 4 . . 1 . 2 . . . . Fabricators 1 | . . . . . . . . 1 . . . . Recompile 1 | . . . . . . . . 1 . . . . Repair Stations . | . . . . . . . . . . . . . Recycling Units . | . . . . . . . . . . . . . Scanalyzers . | . . . . . . . . . . . . . Garrison Access . | . . . . . . . . . . . . . Data Cores Recovered 2 | . . . 1 . 1 . . . . . . . Used 1 | . . . 1 . . . . . . . . . Hacking Detections 30 | . . . 8 . 3 2 . 16 . . . 1 Full Trace Events 2 | . . . . . . . . 2 . . . . Feedback Events . | . . . . . . . . . . . . . Feedback Blocked . | . . . . . . . . . . . . . Robot Schematics Acquired 8 | . . . . . . . . 1 . . 7 . Robots Built . | . . . . . . . . . . . . . Authchips . | . . . . . . . . . . . . . Time . | . . . . . . . . . . . . . Total Robot Build Rating . | . . . . . . . . . . . . . Part Schematics Acquired 14 | . . . . . . . . 1 . . 13 . Parts Built . | . . . . . . . . . . . . . Authchips . | . . . . . . . . . . . . . Time . | . . . . . . . . . . . . . Total Part Build Rating . | . . . . . . . . . . . . . Part Studies Acquired 7 | . . . 3 . . 1 . 3 . . . . Parts Repaired 2 | . . . 1 . . . . 1 . . . . Time 65 | . . . 26 . . . . 39 . . . . Parts Recycled . | . . . . . . . . . . . . . Recycled Matter . | . . . . . . . . . . . . . Retrieved Matter . | . . . . . . . . . . . . . Retrieved Components . | . . . . . . . . . . . . . Parts Scanalyzed 1 | . . . . . . . . 1 . . . . Part Schematics Acquired 1 | . . . . . . . . 1 . . . . Parts Damaged . | . . . . . . . . . . . . . Bothacking | -11 -10 -10 -9 -9 -8 -7 -7 -7 -7 -7 -7 -6 ------------ Run | Yrd Mat Min Mat Min Mat Fac Was Fac Low Low Dat Pro Used RIF Installer . | . . . . . . . . . . . . . Robots Hacked . | . . . . . . . . . . . . . Non-combat . | . . . . . . . . . . . . . Combat . | . . . . . . . . . . . . . Robot Hacks Applied . | . . . . . . . . . . . . . Relay Couplers Released . | . . . . . . . . . . . . . Fabnet Peak Effective % . | . . . . . . . . . . . . . Robots Rewired 5 | . . . . . . . . . . . . 5 Allies Hacked . | . . . . . . . . . . . . . Hacks Repelled . | . . . . . . . . . . . . . Allies | -11 -10 -10 -9 -9 -8 -7 -7 -7 -7 -7 -7 -6 -------- Run | Yrd Mat Min Mat Min Mat Fac Was Fac Low Low Dat Pro Total Allies 8 | . . 3 . . . . . . . . . 5 Largest Group 5 | . . 3 3 . . . . . . . . 5 Highest-Rated Group 60 | . . 40 40 . . . . . . . . 60 Highest-Rated Ally 16 | . . 16 16 . . . . . . . . 12 Total Orders . | . . . . . . . . . . . . . Ally Attacks 52 | . . . 36 . . . . . . . . 16 Total Damage 606 | . . . 389 . . . . . . . . 217 Kills 11 | . . . 9 . . . . . . . . 2 Allies Corrupted . | . . . . . . . . . . . . . Allies Melted . | . . . . . . . . . . . . . Intel | -11 -10 -10 -9 -9 -8 -7 -7 -7 -7 -7 -7 -6 ------- Run | Yrd Mat Min Mat Min Mat Fac Was Fac Low Low Dat Pro Active Infowar (turns) 7351 | . 568 1121 1914 218 1026 48 24 560 98 198 488 1088 Seismic 5049 | . . 773 1914 218 1026 48 24 453 98 198 16 281 Machine Analysis 2503 | . . . . . . 47 24 560 98 198 488 1088 ECM 916 | . 568 348 . . . . . . . . . . Robot Analysis Total 2 | . . . . . . . . 2 . . . . Derelict Logs Recovered 4 | . . 1 . 1 . . . . . 1 . 1 Drone Launches . | . . . . . . . . . . . . . Drone Recoveries . | . . . . . . . . . . . . . Exploration | -11 -10 -10 -9 -9 -8 -7 -7 -7 -7 -7 -7 -6 ------------- Run | Yrd Mat Min Mat Min Mat Fac Was Fac Low Low Dat Pro Turns Passed 9105 | 87 581 1122 2132 1056 1565 79 24 560 98 198 488 1115 Spaces Moved 6434 | 51 294 586 1072 600 643 98 80 1213 323 558 298 618 Core 6 | 6 . . . . . . . . . . . . Treads 2703 | 45 294 586 1072 600 106 . . . . . . . Legs 802 | . . . . . . . . . . . 184 618 Wheels 541 | . . . . . 537 4 . . . . . . Hover . | . . . . . . . . . . . . . Flight 2382 | . . . . . . 94 80 1213 323 558 114 . Fastest Speed 26 | 50 160 160 160 160 160 26 26 26 26 26 26 120 Average Speed 109 | 147 160 160 160 160 189 34 26 26 26 26 96 129 Slowest Speed 225 | 160 160 160 160 160 225 225 26 26 26 26 190 140 Overloaded Moves . | . . . . . . . . . . . . . Propulsion Burnouts . | . . . . . . . . . . . . . Robots Hopped 2 | . . . . . . . . 2 . . . . Potential Cave-ins . | . . . . . . . . . . . . . Cave-ins Triggered . | . . . . . . . . . . . . . Exploration Rate (%) 57 | 4 48 98 79 95 64 3 65 42 54 66 80 49 Regions Visited 12 Branch Regions 6 Pre-discovered Areas 1 | . . . . . . . . . . . 1 . Known Exits Taken 5 | . . . 1 . 1 . . 1 1 1 . . Unknown Exits Taken 5 | 1 1 1 . 1 . . . . . . 1 . Scrap Searched 11 | . . 2 . 2 . . . . 5 1 . 1 Spaces Dug 110 | . . . 20 24 30 1 . 25 1 9 . . Terrain Destroyed 417 | . . . 64 138 150 4 . 29 1 9 . 22 Melee 33 | . . . . . 1 1 . 23 1 7 . . Projectile 50 | . . . 5 4 27 . . 6 . 2 . 6 AOE 334 | . . . 59 134 122 3 . . . . . 16 Terrain Rammed . | . . . . . . . . . . . . . Walls Destroyed . | . . . . . . . . . . . . . Machines Disabled . | . . . . . . . . . . . . . Actions | -11 -10 -10 -9 -9 -8 -7 -7 -7 -7 -7 -7 -6 --------- Run | Yrd Mat Min Mat Min Mat Fac Was Fac Low Low Dat Pro Total 7797 | 61 352 749 1340 659 873 149 81 1397 331 586 416 803 Wait 505 | . 16 148 66 17 85 . . 107 4 4 26 32 Move 6419 | 50 293 585 1071 599 642 98 79 1208 322 557 297 618 Hop 2 | . . . . . . . . 2 . . . . Pick Up 89 | 6 4 3 31 1 19 3 1 9 . 1 9 2 Fast Attach 41 | 4 5 1 15 . 1 1 . 3 . . 4 7 Attach 34 | 1 2 . 5 . 5 12 . 1 . . 3 5 Detach 14 | . 2 1 1 . . 6 . . . . 3 1 Swap 112 | . 2 . 32 11 35 3 1 12 1 2 8 5 Drop 91 | . 1 . 35 3 16 21 . 6 . 1 7 1 Fire 324 | . 27 11 75 26 59 3 . 13 . 2 13 95 Melee 120 | . . . 2 . 11 2 . 36 4 19 46 . Ram . | . . . . . . . . . . . . . Kick . | . . . . . . . . . . . . . Crush 9 | . . . 7 2 . . . . . . . . Escape Stasis . | . . . . . . . . . . . . . Rewire 37 | . . . . . . . . . . . . 37 Trap . | . . . . . . . . . . . . . Miscellaneous . | . . . . . . . . . . . . . Route ------- -11/Scrapyard -10/Materials (discovered 2 exits: [*Min x2]) -10/Mines (discovered 2 exits: *Mat x2) -9/Materials (discovered 5 exits: *Mat x3 / *Min x2) -9/Mines (discovered 2 exits: *Mat x2) -8/Materials (discovered 2 exits: *Fac x2) -7/Factory -7/Waste -7/Factory (discovered 4 exits: *Sto x2 / *Low x2) -7/Lower Caves (discovered 2 exits: *Low / [*Zio]) -7/Lower Caves -7/Data Miner -6/Proximity Caves History --------- Turn | Location | Event 4 | -11/Scrapyard | Discovered new exit (range 16) 88 | -11/Scrapyard | Entered Materials 108 | -10/Materials | Discovered new exit (range 14) 312 | -10/Materials | Build established: Mutant 361 | -10/Materials | Core integrity fell below 50% 567 | -10/Materials | Discovered new exit (range 7) 669 | -10/Materials | Entered Mines 985 | -10/Mines | Learned Materials trap positions 1083 | -10/Mines | Deemed a non-threat by the Exiles lab entrance 1163 | -10/Mines | A weapon hastily lodged in a ceiling crevice suddenly fell to the ground 1241 | -10/Mines | Assisted by bots powering up and referring to "LRC-V3" 1269 | -10/Mines | Discovered new exit (range 13) 1370 | -10/Mines | Discovered new exit (range 12) 1791 | -10/Mines | Entered Materials 1791 | -9/Materials | Accompanied by 3 allies 1791 | -9/Materials | Evolved 2 slots: Propulsion x1, Utility x1 1792 | -9/Materials | Loaded intel: 17 trap records 2358 | -9/Materials | Discovered new exit (range 12) 2518 | -9/Materials | Build established: Scavenger-Mutant 2808 | -9/Materials | Central database locked down 2937 | -9/Materials | Discovered new exit (range 16) 3112 | -9/Materials | Repaired Seismic Detector 3247 | -9/Materials | Discovered new exit (range 10) 3255 | -9/Materials | Discovered new exit (range 15) 3527 | -9/Materials | Discovered new exit (range 4) 3875 | -9/Materials | Identified exit to Mines 3923 | -9/Materials | Entered Mines 3955 | -9/Mines | Learned location of 1 exit from Materials 4016 | -9/Mines | Assembled infested the area 4021 | -9/Mines | Assisted by a Guerilla fighting off Assembled 4174 | -9/Mines | Destroyed 17 combat bots 4315 | -9/Mines | Build established: Mutant 4427 | -9/Mines | Discovered new exit (range 7) 4432 | -9/Mines | Received a Rocket Launcher from a helpful Derelict 4563 | -9/Mines | Discovered new exit (range 7) 4979 | -9/Mines | Entered Materials 4979 | -8/Materials | Evolved 2 slots: Propulsion x1, Utility x1 4980 | -8/Materials | Identified exit to Factory 5293 | -8/Materials | Build established: Scavenger-Mutant 6231 | -8/Materials | Discovered exit to Factory (range 15) 6544 | -8/Materials | Entered Factory 6544 | -7/Factory | Evolved 2 slots: Utility x2 6623 | -7/Factory | Sucked down chute 6623 | -7/Factory | Entered Waste 6633 | -7/Waste | Spotted C-40 Crusher 6636 | -7/Waste | Spotted C-40 Crusher 6637 | -7/Waste | Spotted C-40 Crusher 6638 | -7/Waste | EMP discharged 6643 | -7/Waste | Spotted C-40 Crusher 6643 | -7/Waste | Spotted C-40 Crusher 6644 | -7/Waste | Discovered new exit (range 11) 6646 | -7/Waste | Identified exit to Factory 6647 | -7/Waste | Entered Factory 6797 | -7/Factory | Discovered new exit (range 16) 6801 | -7/Factory | Identified exit to Storage 6850 | -7/Factory | Build established: Hacker-Sprinter 6988 | -7/Factory | Repaired Broken Med. Armored Exoskeleton 7076 | -7/Factory | Identified exit to Lower Caves 7114 | -7/Factory | Central database locked down 7207 | -7/Factory | Entered Lower Caves 7215 | -7/Lower Caves | A Derelict revealed a hidden shortcut to a safe place 7287 | -7/Lower Caves | Discovered new exit (range 14) 7295 | -7/Lower Caves | Identified exit to Lower Caves 7305 | -7/Lower Caves | Entered another Lower Caves area 7333 | -7/Lower Caves | Spotted B-75 Beast 7377 | -7/Lower Caves | Encountered a Warlord checkpoint 7470 | -7/Lower Caves | Discovered new exit (range 7) 7503 | -7/Lower Caves | Identified exit to Data Miner 7503 | -7/Lower Caves | Entered Data Miner 7503 | -7/Data Miner | Discovered new exit (range 7) 7508 | -7/Data Miner | Met Data Miner 7513 | -7/Data Miner | Learned location of Section 7 (-2) 7513 | -7/Data Miner | Acquired the access code to Warlord's prototype stash 7517 | -7/Data Miner | Received God Mode back door access code from Data Miner 7529 | -7/Data Miner | Data Conduit disabled 7659 | -7/Data Miner | Found Prototype Device 7659 | -7/Data Miner | Identified Exp. Thermal Shield 7688 | -7/Data Miner | Core integrity fell below 50% 7716 | -7/Data Miner | Lost 6 parts (1p3n2w) 7963 | -7/Data Miner | Build established: Scavenger-Mutant 7991 | -7/Data Miner | Entered Proximity Caves 8137 | -6/Proximity Caves | Learned location of 1 exit from Factory 8331 | -6/Proximity Caves | Attracted the attention of an 0b10 checkpoint 8469 | -6/Proximity Caves | Lost 3 parts (1p1u1w) 8775 | -6/Proximity Caves | Snuck into a huge 0b10 base via the rear entrance 8885 | -6/Proximity Caves | Lost 3 parts (1p2w) 8989 | -6/Proximity Caves | Core integrity fell below 20% 9015 | -6/Proximity Caves | Lost 5 allies 9050 | -6/Proximity Caves | Lost 4 parts (1p2n1w) 9106 | -6/Proximity Caves | Destroyed by H-66 Slayer with Gauss Rifle Last Messages --------------- 09021_ Overheating: System interference. 09021_ Machine Analyzer temporarily disabled. 09021_ Neutron Cannon temporarily disabled. 09037_ Y-54 Guardian destroyed. 09040_ Acquired Imp. Heat Sink. 09042_ Acquired 20 matter. 09044_ Acquired Imp. Heat Sink. 09058_ System corrupted: Component data lost. 09069_ Destroyed Imp. Deuterium Engine. 09071_ System corrupted: Neutron Cannon failed to cycle. 09075_ L-41 Fighter destroyed. 09076_ Slug penetrates Reinforced Barrier. 09082_ System corrupted: Energy discharge (-76). 09082_ Slug penetrates Reinforced Barrier. 09105_ Connecting with Door Terminal... 09105_ Current location identified: Proximity Caves >>Open(Door) Sealed Heavy Doors opened. 09106_ System corrupted: Energy discharge (-64). 09106_ Penetrated by Slug. Map ----- +----------------------------------------------------+ | ???????????????????????????????????????????????? | | ???????????????????????????????????????????????? | | ???????????????????????????????????????????????? | | ???????????????????????????????????????????????? | | ???????????????????????????????????????????????? | | ???????????????????????????????????????????????? | | ???????????????????????????????????????????????? | | ???????????????????????????????????????????????? | | ???????????????????????????????????????????????? | | ???????????????????????????????????????????????? | | ???????????????????????????????????????????????? | | ???????????????????????????????????????????????? | | ????????????????????#######????????????????????? | | ????????????????????#g "???????????????????? | | ????????????????????#g "???????????????????? | | ????????????????????#g "???????????????????? | | ??????##+?????#+#####g ""??????????????????? | | ?????? ?????? ???????????????????? | | ?????? ??????? ???????????????????? | | ?????? ???????? ???????????????????? | | ??????# #????????# "???????????????????? | | ??????# #?????????? "???????????????????? | | ??????# #??????????? ????????????????????? | | ??????# #???????????? ????????????????????? | | ??????# #?????????????# ##???????????????????? | | ??????# #?????????????# @T#???????????????????? | | ??????# #?????????????# ##???????????????????? | | ??????# %#?????????????# #????????????????????? | | ?###### ############### #????????????????????? | | ?# # # #????????????????????? | | ?# # # #????????????????????? | | ?# # # #????????????????????? | | ?# # % # #????????????????????? | | ?# """" ###++#####h #????????????????????? | | """" % h% #????????????????????? | | """" %% %#????????????????????? | | ## """" %####### ##+#####????????????????? | | ?# % #?????# # #????????????????? | | # #?????# # #????????????????? | | ## #?????# # #????????????????? | | ?# #?????# # #????????????????? | | ?###### ## ###?????#% # #????????????????? | | ??????# ?###???????# # #????????????????? | | ??????# ???????????# # #????????????????? | | ?????? ???????????# ########????????????????? | | ????? ????????????# #???????????????????????? | | ????##??????????????# #???????????????????????? | | ????????????????????# #???????????????????????? | | ??????????????????### ###?????????????????????? | | ??????????????????# #?????????????????????? | +----------------------------------------------------+ Best States ------------- Heat Dissipation 78 Energy Generation 21 Energy Capacity 660 Matter Stores 300 Matter Capacity 300 Sight Range 16 Terrain Scan Density 10 ECM Strength 1 Armor Coverage 450 Resistance: TH 30 Core Shielding 20 Evasion (%) 64 Core Analysis 6 Recoil Reduction 4 Offensive Hacking 21 Authchip Count 1 Item Schematics ----------------- Med. Armored Exoskeleton | -7/Factory | Scanalyzed Combat Drone Bay | -7/Data Miner | Free Lgt. Regenerative Plating | -7/Data Miner | Free Biomechanical Wings | -7/Data Miner | Free Gravity Neutralizer | -7/Data Miner | Free Imp. Lightning Gun | -7/Data Miner | Free Linear Gravjet | -7/Data Miner | Free Imp. Transmission Jammer | -7/Data Miner | Free Adv. Plasma Cannon | -7/Data Miner | Free Force Field | -7/Data Miner | Free Lrn. Proton Cannon | -7/Data Miner | Free Adv. System Shield | -7/Data Miner | Free Hyb. Antimatter Reactor | -7/Data Miner | Free Imp. Remote Force Field | -7/Data Miner | Free Robot Schematics ------------------ O-24 Administrator | -7/Factory | Hacked L-41 Fighter | -7/Data Miner | Free Y-54 Guardian | -7/Data Miner | Free P-60 Hacker | -7/Data Miner | Free X-62 Marksman | -7/Data Miner | Free S-27 Virus | -7/Data Miner | Free X-67 Chaingunner | -7/Data Miner | Free Y-64 Sentinel | -7/Data Miner | Free Fabricated ------------ Nothing Repaired ---------- Seismic Detector | 35% | -9/Materials Med. Armored Exoskeleton | 61% | -7/Factory | Broken Studied --------- Lgt. Cannon | -9/Materials | Hacked Mni. Grenade Launcher | -9/Materials | Hacked Com. Wheel | -9/Materials | Hacked Cesium-ion Thruster | -7/Factory | Hacked Spear | -7/Factory | Hacked Mic. Nuclear Core | -7/Factory | Hacked Imp. EM Pulse Cannon | -7/Factory | Hacked Alien Tech Used ----------------- None Achievements -------------- None Challenges ------------ None Game ------ Seed WeightDrainedPurifier Manual? 0 Play Time 01:16:25 Cumulative 887.0 hours Start 2025.11.04 @ 19:20:02 End 2025.11.04 @ 21:17:31 Sessions 3 Manual Loads 0 Difficulty Rogue Special Mode None Game No. 807 Rogue 720 Adventurer 87 Explorer 0 Win Type - Total 58 Types 9/5/31/2/1/1/5/1/1/2 Lore% 97 Gallery% 93 Achievement% 66 Wizard Run 0 Options --------- Layout 0 ASCII 0 Keyboard 1 Movement Numpad Keybinds 0 Fullscreen 2 Font 18/SmallcapsGlow Map View 76x50 Zoom Use 0% Tactical HUD 1 Map Filters NONE Filters NONE Steam 1 RUN: 61d286d8-0d9d-4a6e-a87e-fc2134121cac